 Dungeon Crawl Stone Soup version 0.31-a0-233-g139696dc86 (webtiles) character file.

Game seed: 13949082129684687381

14 qw the Shooter (level 2, -1/16 HPs)
             Began as a Gargoyle Hexslinger on July 8, 2023.
             Slain by a ball python (2 damage)
             ... on level 1 of the Dungeon.
             The game lasted 00:00:07 (209 turns).

qw the Shooter (Gargoyle Hexslinger)                 Turns: 209, Time: 00:00:07

Health: -1/16      AC:  4    Str: 11    XL:     2   Next: 41%
Magic:  3/3        EV: 12    Int: 13    God:
Gold:   66         SH:  0    Dex: 12    Spells: 2/3 levels left

rFire   . . .        a - +1 sling
rCold   . . .        (no shield)
rNeg    + . .        c - +0 robe
rPois   inf          (no helmet)
rElec   +            (no cloak)
rCorr   .            (no gloves)
SInv    .            (no boots)
Will    .....        (no amulet)
Stlth   +            (no ring)
HPRegen 0.22/turn    (no ring)
MPRegen 0.08/turn

%: no passive effects
@: no status effects
A: sickness immunity, AC +2, negative energy resistance 1, electricity
resistance, torment resistance 1, petrification resistance
a: no special abilities


You were on level 1 of the Dungeon.
You visited 1 branch of the dungeon, and saw 1 of its levels.

You collected 66 gold pieces.


Innate Abilities, Weirdness & Mutations

You are immune to sickness and miasma.
Your stone body is resilient. (AC +2)
You are immune to poison.
You resist negative energy. (rN+)
You are resistant to electric shocks. (rElec)
You are resistant to unholy torment.
You are immune to petrification.


   Skills:
 + Level 1.1 Fighting
 - Level 3.0 Ranged Weapons
 - Level 1.5 Dodging
 - Level 1.0 Spellcasting
 - Level 2.6 Hexes


You had 2 spell levels left.
You knew the following spells:

 Your Spells              Type           Power      Damage    Failure   Level
a - Slow                  Hex            28%        N/A       10%         1

Your spell library contained the following spells:

 Spells                   Type           Power      Damage    Failure   Level
 Inner Flame              Hex/Fire       4%         N/A       43%         3
 Portal Projectile        Hex/Tloc       8%         N/A       43%         3
 Cause Fear               Hex            3%         N/A       67%         4

Inventory:

Hand Weapons
 a - a +1 sling (weapon)
Armour
 c - a +0 robe (worn)
Scrolls
 b - a scroll of poison
Potions
 d - a potion of curing {unknown}

Dungeon Overview and Level Annotations

Branches:
Dungeon (1/15)

Altars:


Message History

You kill the bat!
There is a stone staircase leading down here.
Found a book of Alchemy.
A bat comes into view.
You shoot a sling bullet. The sling bullet hits the bat!
You kill the bat!
You now have 66 gold pieces (gained 12).
You open the door.
There is an open door here.
A gnoll and a ball python come into view.
The ball python hisses angrily.
You shoot a sling bullet. The gnoll shouts!
The sling bullet hits the ball python.
The ball python is heavily wounded.
The ball python bites you. The ball python misses you.
You shoot a sling bullet. The sling bullet hits the ball python.
You kill the ball python!
Your Ranged Weapons skill increases to level 3!
You shoot a sling bullet. The sling bullet hits the gnoll.
The gnoll is lightly wounded.
You shoot a sling bullet.
The sling bullet closely misses the gnoll.
A ball python comes into view.
The gnoll barely misses you.
You shoot a sling bullet.
The sling bullet barely misses the gnoll.
The ball python hisses angrily.
The gnoll closely misses you.
You shoot a sling bullet.
The sling bullet barely misses the gnoll.
The gnoll hits you with a +0 flail!
Ouch! That really hurt!
You shoot a sling bullet.
The sling bullet barely misses the gnoll.
The gnoll misses you. The gnoll hits you with a +0 flail.
You shoot a sling bullet. The sling bullet hits the gnoll.
The gnoll is heavily wounded.
The gnoll closely misses you. The ball python bites you.
You die...

..........
..............#
##............#
#............#
#######.......# ...#
#.......# ##.# #.......#
##.####.......########..
......'..)....'.@S......
##.####.......###g......
#.## #.......###.......
#..# #####.....+......#
###.# #####.#####......#
....# #....:# ......#
###.# #....## ......# #
#.# #....# ......# ###.#
#...#####


You could see a gnoll and a ball python.

Vanquished Creatures
  4 ball pythons (D:1)
  2 bats (D:1)
  A goblin (D:1)
  3 hobgoblins (D:1)
  A frilled lizard (D:1)
  A rat (D:1)
12 creatures vanquished.

Notes
Turn   | Place    | Note
-------+----------+-------------------------------------------
     0 | D:1      | qw the Gargoyle Hexslinger began the quest for the Orb.
     0 | D:1      | Reached XP level 1. HP: 12/12 MP: 2/2
     0 | D:1      | 0 ||| qw: Version: 0.3-a-46-gb1f654a
     0 | D:1      | 0 ||| qw: Game counter: 3632
     0 | D:1      | 0 ||| qw: Melee chars always use a shield: true
     0 | D:1      | 0 ||| qw: God list: Okawaru
     0 | D:1      | 0 ||| qw: Allow faded altars: false
     0 | D:1      | 0 ||| qw: Do Orc after clearing Dungeon:15 true
     0 | D:1      | 0 ||| qw: Do second Lair branch before Depths: true
     0 | D:1      | 0 ||| qw: Lair rune preference: random
     0 | D:1      | 0 ||| qw: Goals: Normal
     0 | D:1      | 0 ||| PLANNING D:1-11
    90 | D:1      | Reached XP level 2. HP: 16/16 MP: 3/3
   204 | D:1      | Reached skill level 3 in Ranged Weapons
   208 | D:1      | HP: 1/16 [gnoll/+0 flail (5)]
   209 | D:1      | Slain by a ball python

Levels and vault maps discovered:
D:1:      minmay_arrival_four_loops, layout_basic, minmay_misc_feat_cross

Skill      XL: |  1  2 |
---------------+-------+-----
Ranged Weapons | 3 |  3.0
Fighting       | |  1.1
Dodging        | |  1.5
Spellcasting   | |  1.0
Hexes          | |  2.6

Action                     || total
---------------------------++-------
   Fire: Sling             ||    37
 Armour: Robe              ||     5
  Dodge: Dodged            ||    13

Table legend:
 A = Non-vault XP
 B = Vault XP
 C = Vault XP percentage of total XP
 D = Non-vault monster count
 E = Vault monster count
 F = Vault count percentage of total count
                 A         B        C        D         E       F
            +---------+---------+-------+---------+---------+-------
      Total |      20 |       0 |   0.0 |      12 |       0 |   0.0
            +---------+---------+-------+---------+---------+-------
        D:1 |      20 |       0 |   0.0 |      12 |       0 |   0.0
            +---------+---------+-------+---------+---------+-------
